AoeStats
← neethgiE

Arena

509487347Analyzed
4v4 RM · 7d ago on Sep 26, 2026· 54m 27s· 8 players
Game mode
Random Map
Map size
Large (8 player)
Population
200
Speed
Normal
Resources
Standard
Victory
Conquest
Starting age
Dark Age
Ending age
Imperial Age
RankedLock teamsTeams togetherTeam positionsShared explorationLock speedFull tech treeHidden civsTurbo modeCheats
Victory
Defeat
🇫🇷 Turks · France
1120
+9
🇫🇷 Goths · France
947
+15
🇫🇷 Cumans · France
940
+16
🇫🇷 Mongols · France
721
+23
🇧🇷 Vietnamese · Brazil
962
-17
🇨🇦 Romans · Canada
941
-16
🇬🇧 Huns · United Kingdom
933
-16
🇬🇧 Varangians · United Kingdom
890
-14
BetrayedSnail57
3:22 Loom
7:24 Loom
11:18 Feudal Age
13:07 Wheelbarrow
12:51 Double-Bit Axe
16:52 Castle Age
16:09 Horse Collar
24:11 Padded Archer Armor
26:57 Bow Saw
27:24 Fletching
29:01 Heavy Plow
33:00 Gold Mining
34:19 Stone Mining
36:10 Bloodlines
36:01 Husbandry
36:13 Forging
36:09 Scale Barding Armor
36:20 Leather Archer Armor
36:47 Marauders
40:05 Imperial Age
38:03 Chain Barding Armor
39:07 Hand Cart
39:35 Iron Casting
38:55 Bodkin Arrow
40:38 Ballistics
39:44 Light Cavalry
40:55 Thumb Ring
42:15 Blast Furnace
41:51 Plate Barding Armor
43:11 Bracer
43:09 Hussar
48:44 Elite Tarkan
Swordfish
2:18 Loom
12:55 Feudal Age
14:32 Horse Collar
14:40 Double-Bit Axe
16:24 Wheelbarrow
19:15 Castle Age
18:09 Scale Mail Armor
21:42 Bow Saw
21:34 Heavy Plow
24:40 Fortified Wall
24:50 Stone Mining
24:51 Gold Mining
30:23 Imperial Age
28:10 Hand Cart
28:59 Chain Mail Armor
28:54 Forging
28:36 Fletching
32:58 Onager
33:00 Heavy Scorpion
34:17 Ballistics
34:24 Siege Engineers
34:56 Town Watch
34:51 Man-at-Arms
36:10 Iron Casting
36:56 Ballistas
37:00 Elite Centurion
37:48 Scale Barding Armor
38:43 Blast Furnace
38:00 Bloodlines
37:50 Husbandry
37:25 Long Swordsman
41:40 Squires
42:49 Legionary
Caduzera
8:50 Feudal Age
7:11 Loom
9:26 Double-Bit Axe
9:44 Horse Collar
11:22 Gold Mining
14:56 Stone Mining
19:22 Castle Age
19:31 Crossbowman
22:02 Padded Archer Armor
21:52 Fletching
24:43 Leather Archer Armor
27:43 Thumb Ring
27:36 Bodkin Arrow
28:58 Elite Skirmisher
36:49 Imperial Age
37:41 Imperial Skirmisher
41:22 Paper Money
42:19 Ballistics
46:46 Chemistry
47:14 Coinage
54:28 Ring Archer Armor
53:58 Bracer
neethgiE
11:43 Feudal Age
14:05 Loom
16:47 Castle Age
15:26 Double-Bit Axe
17:52 Stone Mining
17:51 Horse Collar
19:16 Bow Saw
20:22 Caravan
21:02 Heavy Plow
27:01 Husbandry
33:00 Imperial Age
31:51 Bloodlines
33:55 Cavalier
35:36 Conscription
35:22 Vendel Legacy
40:06 Scale Barding Armor
40:11 Forging
46:18 Iron Casting
46:04 Chain Barding Armor
D-Xbeck
10:22 Feudal Age
14:11 Double-Bit Axe
16:41 Forging
20:05 Castle Age
19:46 Horse Collar
21:08 Husbandry
21:11 Gold Mining
22:12 Fletching
22:23 Padded Archer Armor
24:24 Bow Saw
30:18 Bodkin Arrow
30:39 Leather Archer Armor
30:57 Loom
31:49 Wheelbarrow
33:19 Thumb Ring
39:39 Imperial Age
39:23 Stone Mining
40:12 Gold Shaft Mining
40:33 Ballistics
40:33 Fortified Wall
40:19 Murder Holes
40:41 Heavy Plow
40:50 Heavy Cavalry Archer
41:59 Parthian Tactics
41:39 Bracer
42:03 Conscription
42:37 Stone Shaft Mining
42:42 Hoardings
43:07 Elite Mangudai
45:18 Chemistry
45:44 Bloodlines
FPS Pyrro
12:37 Feudal Age
16:34 Castle Age
14:36 Double-Bit Axe
14:56 Horse Collar
15:34 Gold Mining
18:46 Wheelbarrow
24:06 Imperial Age
22:23 Bow Saw
22:50 Gold Shaft Mining
22:07 Stone Mining
33:17 Two-Man Saw
areozi
6:13 Loom
12:23 Feudal Age
14:16 Double-Bit Axe
23:06 Castle Age
34:43 Capped Ram
36:00 Fletching
36:10 Padded Archer Armor
38:06 Bow Saw
41:43 Pikeman
48:54 Imperial Age
48:53 Bodkin Arrow
51:44 Two-Man Saw
51:50 Forging
51:50 Gold Mining
AlexDeLaix
1:11 Loom
10:32 Feudal Age
10:58 Double-Bit Axe
16:44 Castle Age
14:44 Horse Collar
15:39 Forging
16:33 Scale Mail Armor
17:37 Bow Saw
17:32 Town Watch
18:02 Squires
17:23 Man-at-Arms
25:38 Heavy Plow
26:54 Long Swordsman
28:27 Anarchy
29:35 Iron Casting
30:31 Wheelbarrow
30:06 Treadmill Crane
30:23 Murder Holes
34:37 Imperial Age
32:26 Hand Cart
33:33 Chain Mail Armor
34:26 Gold Mining
35:59 Conscription
36:17 Pikeman
37:02 Halberdier
37:54 Elite Huskarl
39:52 Perfusion
41:07 Blast Furnace
Connection lost

Rejoining the realm…

Still unreachable

The connection could not be restored.

Session expired

The server has moved on; the page needs a fresh start.